AoeStats
← Hector

Hill Fort

505459459Analyzed
3v3 RM · 23d ago on Sep 9, 2026· 38m 0s· 6 players
Game mode
Random Map
Map size
Normal (6 player)
Population
200
Speed
Normal
Resources
Standard
Victory
Conquest
Starting age
Dark Age
Ending age
Imperial Age
RankedLock teamsTeams togetherTeam positionsShared explorationLock speedFull tech treeHidden civsTurbo modeCheats
Victory
Defeat
🇦🇷 Poles · Argentina
1574
+14
1481
+18
1416
+37
🇦🇹 Georgians · Austria
1563
-19
🇪🇸 Gurjaras · Spain
1525
-18
🇦🇹 Britons · Austria
1459
-15
玩印度的哥们硬不起来
5:30 Loom
8:36 Feudal Age
9:13 Double-Bit Axe
18:01 Wheelbarrow
17:59 Fishing Lines
26:08 Stone Mining
28:54 Castle Age
29:21 Gold Mining
30:08 Coinage
30:34 Gillnets
30:56 Bow Saw
31:11 Hand Cart
[QHB]Hammer warriors
11:05 Feudal Age
11:28 Horse Collar
11:34 Double-Bit Axe
16:48 Castle Age
17:48 Heavy Plow
20:47 Szlachta Privileges
23:50 Scale Barding Armor
23:55 Forging
23:59 Bloodlines
23:51 Husbandry
26:43 Chain Barding Armor
30:07 Gold Mining
33:10 Imperial Age
31:20 Wheelbarrow
33:27 Cavalier
34:48 Iron Casting
37:01 Blast Furnace
buildbarrack after200vills
8:58 Feudal Age
14:49 Castle Age
13:24 Double-Bit Axe
14:05 Loom
14:03 Horse Collar
15:50 Bow Saw
24:13 Fletching
25:16 Ballistics
25:33 Bodkin Arrow
27:32 Light Cavalry
28:27 Bloodlines
28:56 Husbandry
30:37 Thumb Ring
29:59 Pikeman
30:40 Squires
33:24 Heavy Plow
36:05 Scale Mail Armor
36:15 Forging
40:55 Imperial Age
39:01 Wheelbarrow
38:12 Town Watch
winstonx9
0:48 Loom
11:26 Feudal Age
15:22 Castle Age
13:12 Double-Bit Axe
14:41 Horse Collar
16:26 Bow Saw
17:24 Wheelbarrow
21:43 Scale Barding Armor
21:53 Forging
22:16 Stone Mining
22:50 Gold Mining
24:15 Hand Cart
23:48 Town Watch
24:57 Scale Barding Armor
26:21 Chain Barding Armor
28:16 Iron Casting
27:47 Fletching
28:44 Bloodlines
29:38 Husbandry
29:57 Bodkin Arrow
30:09 Heavy Plow
35:47 Imperial Age
34:57 Ballistics
36:21 Masonry
35:54 Heavy Camel Rider
37:15 Bracer
37:52 Plate Barding Armor
Hector
10:55 Feudal Age
14:53 Castle Age
13:28 Loom
13:33 Double-Bit Axe
14:22 Horse Collar
19:47 Fletching
21:49 Bodkin Arrow
23:02 Bow Saw
25:29 Padded Archer Armor
26:06 Heavy Plow
26:42 Ballistics
28:02 Wheelbarrow
32:13 Imperial Age
30:42 Leather Archer Armor
32:24 Gold Mining
32:25 Stone Mining
33:02 Bracer
33:27 Conscription
33:36 Yeomen
34:26 Ring Archer Armor
33:24 Elite Longbowman
34:44 Ring Archer Armor
37:21 Chemistry
37:23 Two-Man Saw
DeadlyEfficiency
10:31 Feudal Age
14:38 Castle Age
13:06 Double-Bit Axe
13:19 Loom
15:58 Wheelbarrow
15:45 Bow Saw
16:49 Town Watch
22:31 Gold Mining
24:42 Hand Cart
28:32 Imperial Age
27:56 Horse Collar
28:50 Scale Barding Armor
29:35 Conscription
31:01 Fletching
32:36 Conscription
32:37 Chain Barding Armor
32:49 Heavy Plow
34:23 Plate Barding Armor
34:45 Forging
37:09 Iron Casting
37:26 Bloodlines
Connection lost

Rejoining the realm…

Still unreachable

The connection could not be restored.

Session expired

The server has moved on; the page needs a fresh start.